 Dungeon Crawl Stone Soup version 0.22.0-40-g68aacdc (webtiles) character file.

44 HallandMoats the Skirmisher (level 3, 0/29 HPs)
             Began as a Demonspawn Fighter on Sept 2, 2018.
             Slain by a goblin
             ... wielding a +0 club
              (4 damage)
             ... on level 1 of the Dungeon.
             The game lasted 00:01:55 (945 turns).

HallandMoats the Skirmisher (Demonspawn Fighter)     Turns: 945, Time: 00:01:56

Health: 0/29       AC:  7    Str: 17    XL:     3   Next: 39%
Magic:  3/3        EV:  9    Int:  9    God:
Gold:   19         SH:  0    Dex: 12    Spells: 2/2 levels left

rFire    . . .     SeeInvis .     - Unarmed
rCold    . . .     Gourm    .   (no shield)
rNeg     . . .     Faith    .   a - +0 scale mail
rPois    .         Spirit   .   (helmet restricted)
rElec    .         Reflect  .   (no cloak)
rCorr    .         Harm     .   g - +0 pair of gloves
MR       .....                  (no boots)
Stlth    ..........             (no amulet)
HPRegen  0.09/turn              (no ring)
MPRegen  0.08/turn              (no ring)

@: no status effects
A: antennae 1, demonic guardian 1
a: no special abilities


You were on level 1 of the Dungeon.
You were not hungry.

You visited 1 branch of the dungeon, and saw 1 of its levels.

You collected 19 gold pieces.

Inventory:

Armour
 a - a +0 scale mail (worn)
 b - a +0 shield
 g - a +0 pair of gloves (worn)
Scrolls
 e - 2 scrolls of identify {unknown}
 h - a scroll of fear {unknown}
 i - a scroll of remove curse {unknown}
 k - a scroll of magic mapping {unknown}
Potions
 c - a potion of might
 j - 2 potions of heal wounds {unknown}
 l - 2 potions of curing {unknown}
Comestibles
 d - 3 rations
 f - 8 chunks of flesh


   Skills:
 * Level 3.6 Fighting
 + Level 3.0 Armour
 + Level 1.0 Dodging
 - Level 2.6 Shields
 + Level 2.2 Unarmed Combat


You had 2 spell levels left.
You didn't know any spells.
Your spell library was empty.

Dungeon Overview and Level Annotations

Branches:
Dungeon (1/15)

Altars:


Innate Abilities, Weirdness & Mutations

You have a pair of small antennae on your head.
A weak demonic guardian rushes to your aid.


Message History

The goblin hits you but does no damage. The goblin closely misses you.
The goblin hits you with a club.
* * * LOW HITPOINT WARNING * * *
The goblin closely misses you.
The goblin hits you but does no damage. x2
The goblin hits you with a club.
* * * LOW HITPOINT WARNING * * *
The goblin hits you but does no damage. The goblin hits you with a club.
* * * LOW HITPOINT WARNING * * *
The goblin hits you but does no damage.
The goblin hits you but does no damage. x2
The goblin hits you but does no damage. x2
The goblin closely misses you. The goblin hits you but does no damage.
The goblin completely misses you. The goblin hits you but does no damage.
The goblin hits you but does no damage. The goblin hits you.
* * * LOW HITPOINT WARNING * * *
The goblin hits you but does no damage. The goblin hits you with a club.
You die...

.#.# #.#
####..#..## ###...
...# #.# #....##
#### .# # .# ###
###.# ..# ...#
#### #.# #.. ..#
#.#
#g#########.######
#.#
#@g..$............
#.#
###########.######
#.# #####.# ..#
#.....# ###
##.....###### #
#..⌠......... #
#......###### ###
######### #.....)#
..####.......#
######.#


You could see 2 goblins.

Vanquished Creatures
  A gnoll (D:1)
  4 dart slugs (D:1)
  2 leopard geckos (D:1)
  A goblin (D:1)
  5 hobgoblins (D:1)
  3 kobolds (D:1)
  4 bats (D:1)
  A frilled lizard (D:1)
  3 rats (D:1)
24 creatures vanquished.

Notes
Turn   | Place    | Note
-------+----------+-------------------------------------------
     0 | D:1      | HallandMoats the Demonspawn Fighter began the quest for the Orb.
     0 | D:1      | Reached XP level 1. HP: 18/18 MP: 1/1
   448 | D:1      | Gained mutation: You have a pair of small antennae on your head. [demonic ancestry]
   448 | D:1      | Reached XP level 2. HP: 22/24 MP: 2/2
   872 | D:1      | Gained mutation: A weak demonic guardian rushes to your aid. [demonic ancestry]
   872 | D:1      | Reached XP level 3. HP: 27/29 MP: 3/3
   894 | D:1      | Reached skill level 1 in Dodging
   945 | D:1      | Slain by a goblin

Skill      XL: |  1  2  3 |
---------------+----------+-----
Unarmed Combat | 2 |  2.2
Armour         | 3 |  3.0
Dodging        | 1 |  1.0
Fighting       | |  3.6
Shields        | |  2.6

Action                   || total
-------------------------++-------
Melee: Unarmed           ||   126
Armor: Scale mail        ||    82
Dodge: Dodged            ||    71
Block: Shield            ||    11
